 Dungeon Crawl Stone Soup version 0.23-a0-175-g97aacdb306 (webtiles) character file.

147 Napalmbreeze the Skirmisher (level 5, -4/33 HPs)
             Began as a Gargoyle Fighter on Sept 17, 2018.
             Killed by divine providence
             ... invoked by an orc priest
              (14 damage)
             ... on level 3 of the Dungeon.
             The game lasted 00:07:00 (2943 turns).

Napalmbreeze the Skirmisher (Gargoyle Fighter)      Turns: 2943, Time: 00:07:01

Health: -4/33      AC: 12    Str: 20    XL:     5   Next: 29%
Magic:  5/5        EV: 10    Int:  8    God:
Gold:   153        SH:  0    Dex: 10    Spells: 4/4 levels left

rFire    . . .     SeeInvis .   q - +0 lajatang
rCold    . . .     Gourm    .   (shield currently unavailable)
rNeg     + . .     Faith    .   b - +0 scale mail
rPois    ∞         Spirit   .   (no helmet)
rElec    +         Reflect  .   (no cloak)
rCorr    .         Harm     .   o - +0 pair of gloves
MR       .....                  (no boots)
Stlth    ..........             (no amulet)
HPRegen  0.11/turn              (no ring)
MPRegen  0.09/turn              (no ring)

@: no status effects
A: negative energy resistance 1, electricity resistance, unbreathing,
petrification resistance, rot immunity, AC +4
a: no special abilities


You were on level 3 of the Dungeon.
You were not hungry.

You visited 1 branch of the dungeon, and saw 3 of its levels.

You collected 153 gold pieces.

Inventory:

Hand Weapons
 a - a +0 flail
 q - a +0 lajatang (weapon)
Missiles
 k - 13 poisoned needles
Armour
 b - a +0 scale mail (worn)
 c - a +0 shield
 o - a +0 pair of gloves (worn)
Jewellery
 u - an uncursed ring of fire {unknown}
Wands
 m - a wand of enslavement (6)
Scrolls
 e - 2 scrolls of enchant armour {unknown}
 h - 3 scrolls of identify {unknown}
 i - a scroll of magic mapping {unknown}
 l - 3 scrolls of remove curse {unknown}
 r - 4 scrolls of teleportation {unknown}
 s - a scroll of fog {unknown}
 v - a scroll of immolation {unknown}
 y - a scroll of random uselessness {unknown}
Potions
 d - a potion of might
 g - a potion of resistance {unknown}
 j - a potion of lignification {unknown}
 n - a potion of ambrosia {unknown}
 p - a potion of mutation {unknown}
 t - a potion of agility {unknown}
 x - a potion of flight {unknown}
 z - a potion of invisibility {unknown}
Comestibles
 f - 6 rations
 w - a chunk of flesh


   Skills:
 - Level 3.8 Fighting
 - Level 3.1(3.7) Maces & Flails
 + Level 2.7(3.5) Staves
 - Level 3.7 Armour
 - Level 1.0 Dodging
 - Level 3.2 Shields


You had 4 spell levels left.
You didn't know any spells.
Your spell library was empty.

Dungeon Overview and Level Annotations

Branches:
Dungeon (3/15)

Altars:
Fedhas
Wu Jian


Innate Abilities, Weirdness & Mutations

You are resistant to torment.
Your stone body is resilient. (AC +4)
You are immune to poison.
You resist negative energy. (rN+)
You are resistant to electric shocks. (rElec)
You can survive without breathing.
You are immune to petrification.
You are immune to rotting.


Message History

The orc priest invokes the aid of Beogh against you.
Beogh smites you!
The orc wizard shouts!
The bat barely misses you. The bat hits you but does no damage.
The bat closely misses you.
The orc priest calls down the wrath of Beogh upon you.
Beogh smites you! The bat hits you but does no damage.
Found a scroll labeled YMEIRCH WUDDEGI.
The bat closely misses you. The bat misses you.
The bat hits you but does no damage. The bat closely misses you.
The bat misses you. The bat barely misses you.
The bat hits you but does no damage.
The orc priest mumbles some strange prayers to Beogh against you.
Beogh smites you!
You die...

#.### #.# #####.....#
#.## #.# #.###.# #.#.##
###.# #.# #.#
..###.###.#.## #.# #.#
.... ##...#..># #.# #.#
..... #.###.##.# #.#
#.# ##... #.# #.##.#
#.###.# ### #.# #.##.#
.#.#... ## #@##.#
##..#. #b##.# ..#.....
#g##.# ........
#.##.#####........
#o#.†.........##.#
###^#.####o#..#####.#.#
#.# ..?oo............#
## #.#
#.###.#####o.#..###.#
#.# .<.....o........#
..#


You could see an orc priest, 2 orcs, a goblin and a bat.

Vanquished Creatures
  3 gnolls (D:3)
  2 adders (D:3)
  5 worms
  4 dart slugs
  4 leopard geckos
  9 bats
  2 giant cockroaches
  7 goblins
  10 hobgoblins
  4 jackals (D:1)
  A quokka (D:2)
  2 ball pythons (D:1)
  8 frilled lizards
  6 kobolds
  8 rats
75 creatures vanquished.

Vanquished Creatures (others)
  A bat (D:2)
1 creature vanquished.

Grand Total: 76 creatures vanquished

Notes
Turn   | Place    | Note
-------+----------+-------------------------------------------
     0 | D:1      | Napalmbreeze the Gargoyle Fighter began the quest for the
                  | Orb.
     0 | D:1      | Reached XP level 1. HP: 14/14 MP: 1/1
   118 | D:1      | Reached XP level 2. HP: 18/19 MP: 2/2
   579 | D:1      | Reached XP level 3. HP: 23/23 MP: 3/3
  1332 | D:2      | Found a blossoming altar of Fedhas.
  1386 | D:2      | Reached XP level 4. HP: 29/29 MP: 4/4
  1420 | D:2      | Reached skill level 1 in Dodging
  1573 | D:2      | Found an ornate altar of the Wu Jian Council.
  2293 | D:3      | Reached skill level 1 in Staves
  2594 | D:3      | Reached XP level 5. HP: 29/33 MP: 5/5
  2943 | D:3      | Killed from afar by an orc priest

Vault maps used:
D:1:      denvon_arrival_planthouse, minmay_misc_feat_plants
D:2:      fedhas_altar_3, minmay_misc_feat_encased, lemuel_tele_altar

Skill      XL: |  1  2  3  4 |
---------------+-------------+-----
Maces & Flails | 3 |  3.1
Dodging        | 1 |  1.0
Staves         | 2 |  2.7
Fighting       | |  3.8
Armour         | |  3.7
Shields        | |  3.2

Action                   |  1- 3 |  4- 6 || total
-------------------------+-------+-------++-------
Melee: Flail             |   119 |    30 ||   149
       Lajatang          |       |   129 ||   129
  Eat: Chunk             |     2 |     5 ||     7
Armor: Scale mail        |    73 |   119 ||   192
Dodge: Dodged            |    69 |   144 ||   213

Table legend:
 A = Non-vault XP
 B = Vault XP
 C = Vault XP percentage of total XP
 D = Non-vault monster count
 E = Vault monster count
 F = Vault count percentage of total count
                 A         B        C        D         E       F
            +---------+---------+-------+---------+---------+-------
      Total |     211 |       0 |   0.0 |      75 |       0 |   0.0
            +---------+---------+-------+---------+---------+-------
        D:1 |      61 |       0 |   0.0 |      33 |       0 |   0.0
        D:2 |      49 |       0 |   0.0 |      22 |       0 |   0.0
        D:3 |     101 |       0 |   0.0 |      20 |       0 |   0.0
            +---------+---------+-------+---------+---------+-------
